 Dungeon Crawl Stone Soup version 0.24.1-14-gf8d2b509d9 (webtiles) character file.

Game seed: 6349275267446266576, levelgen mode: deterministic

59 Hugehornet the Cudgeler (level 4, 0/28 HPs)
             Began as a Gargoyle Fighter on May 24, 2020.
             Slain by Terence
             ... wielding a +0 mace
              (4 damage)
             ... on level 2 of the Dungeon.
             The game lasted 00:01:41 (823 turns).

Hugehornet the Cudgeler (Gargoyle Fighter)           Turns: 823, Time: 00:01:41

Health: 0/28       AC: 10    Str: 24    XL:     4   Next: 3%
Magic:  4/4        EV:  7    Int: 10    God:
Gold:   19         SH:  9    Dex:  9    Spells: 3/3 levels left

rFire    . . .     SeeInvis .   a - +0 flail
rCold    . . .     Gourm    .   c - +0 shield
rNeg     + . .     Faith    .   b - +0 scale mail
rPois    ∞         Spirit   .   (no helmet)
rElec    +         Reflect  .   (no cloak)
rCorr    .         Harm     .   (no gloves)
MR       .....                  (no boots)
Stlth    ..........             (no amulet)
HPRegen  0.09/turn              (no ring)
MPRegen  0.09/turn              (no ring)

@: mighty
A: negative energy resistance 1, electricity resistance, unbreathing,
petrification resistance, rot immunity, AC +3
a: no special abilities


You were on level 2 of the Dungeon.
You were not hungry.

You visited 1 branch of the dungeon, and saw 2 of its levels.

You collected 19 gold pieces.

Inventory:

Hand Weapons
 a - a +0 flail (weapon)
Armour
 b - a +0 scale mail (worn)
 c - a +0 shield (worn)
Scrolls
 e - a scroll of identify {unknown}
 h - a scroll of fear {unknown}
 i - a scroll of magic mapping {unknown}
Potions
 g - a potion of curing {unknown}
Comestibles
 f - a ration


   Skills:
 - Level 3.2 Fighting
 + Level 4.2 Maces & Flails
 - Level 3.2 Armour
 - Level 3.2 Shields


You had 3 spell levels left.
You didn't know any spells.
Your spell library was empty.

Dungeon Overview and Level Annotations

Branches:
Dungeon (2/15)

Altars:

Annotations:
D:2 Terence


Innate Abilities, Weirdness & Mutations

You are resistant to torment.
Your stone body is resilient. (AC +3)
You are immune to poison.
You resist negative energy. (rN+)
You are resistant to electric shocks. (rElec)
You can survive without breathing.
You are immune to petrification.
You are immune to rotting.


Message History

The goblin shoots a stone.
The stone hits you but does no damage.
You see here a stone.
You block the goblin's attack. Terence hits you with a +0 mace.
* * * LOW HITPOINT WARNING * * *
The goblin shoots a stone.
The stone hits you but does no damage.
You see here a stone.
You feel very mighty all of a sudden. Terence barely misses you.
Your shield prevents you from hitting Terence.
Terence is lightly wounded.
You block Terence's attack.
You hit Terence but do no damage.
Terence is lightly wounded.
Terence hits you with a +0 mace.
* * * LOW HITPOINT WARNING * * *
You hit Terence.
Terence is moderately wounded.
Terence bares his teeth.
Terence hits you with a +0 mace.
You die...

..# ... ..# #
..# #. ..# #..
..#
#...#######..#
#.....g@@..#
####..####.#
#((##.. #
#(.##.# #
#..##.#
#.####.###.#
#.#...(###.#
##.....((##.#
............#


You could see Terence and a goblin.

Vanquished Creatures
  2 oozes (D:1)
  A worm (D:2)
  A dart slug (D:1)
  A leopard gecko (D:2)
  5 giant cockroaches
  7 goblins (D:1)
  7 hobgoblins
  3 jackals (D:1)
  3 kobolds
  A ball python (D:2)
  2 bats (D:1)
  4 frilled lizards
  2 rats
39 creatures vanquished.

Notes
Turn   | Place    | Note
-------+----------+-------------------------------------------
     0 | D:1      | Hugehornet the Gargoyle Fighter began the quest for the
                  | Orb.
     0 | D:1      | Reached XP level 1. HP: 14/14 MP: 1/1
    66 | D:1      | Reached XP level 2. HP: 18/19 MP: 2/2
   108 | D:1      | Reached skill level 3 in Maces & Flails
   143 | D:1      | Reached XP level 3. HP: 22/23 MP: 3/3
   535 | D:2      | Reached skill level 4 in Maces & Flails
   752 | D:2      | Reached XP level 4. HP: 27/28 MP: 4/4
   803 | D:2      | Noticed Terence
   823 | D:2      | Slain by Terence

Levels and vault maps discovered:
D:1:      nicolae_arrival_memento_mori, layout_rooms
D:2:      layout_loops_ring, nicolae_overflow_crystal_walls, uniq_robin,
          uniq_terence

Skill      XL: |  1  2  3 |
---------------+----------+-----
Maces & Flails | 3 4 |  4.2
Fighting       | |  3.2
Armour         | |  3.2
Shields        | |  3.2

Action                   |  1- 3 |  4- 6 || total
-------------------------+-------+-------++-------
Melee: Flail             |   138 |    21 ||   159
  Use: Potion            |       |     1 ||     1
Armor: Scale mail        |    88 |    17 ||   105
Dodge: Dodged            |    47 |     8 ||    55
Block: Shield            |    91 |    18 ||   109
